 Dungeon Crawl Stone Soup version 0.31.0-4-g52a2dc7128 (webtiles) character file.

Game seed: 7156079876163041305

386 Aviak the Chiller (level 6, -1/44 HPs)
             Began as a Gnoll Ice Elementalist on Jan 22, 2024.
             Slain by a phantom (2 damage)
             ... on level 4 of the Dungeon.
             The game lasted 00:05:15 (3266 turns).

Aviak the Chiller (Gnoll Ice Elementalist)          Turns: 3266, Time: 00:05:15

Health: -1/44      AC:  2    Str:  7    XL:     6   Next: 78%
Magic:  7/14       EV: 14    Int: 16    God:
Gold:   144        SH:  0    Dex: 13    Spells: 8/15 levels left

rFire   . . .        p - +2 dagger (flame)
rCold   . . .        (no shield)
rNeg    . . .        a - +0 robe
rPois   .            (no helmet)
rElec   .            (no cloak)
rCorr   .            (no gloves)
SInv    +            (no boots)
Will    .....        (no amulet)
Stlth   +++          Z - ring of see invisible
HPRegen 0.27/turn    (no ring)
MPRegen 0.14/turn

%: no passive effects
@: hasted, very quick
A: fangs 1, strong nose, distributed training
a: no special abilities


You were on level 4 of the Dungeon.
You visited 1 branch of the dungeon, and saw 4 of its levels.

You collected 144 gold pieces.

Inventory:

Hand Weapons
 d - a +0 dagger
 p - a +2 dagger of flaming (weapon)
Missiles
 n - a throwing net {!f}
Armour
 a - a +0 robe (worn)
Jewellery
 Z - a ring of see invisible (left hand)
Scrolls
 c - 2 scrolls of amnesia {unknown}
 i - 5 scrolls of identify {unknown}
 l - a scroll of fog {unknown}
 o - a scroll of fear {unknown}
 q - a scroll of blinking {unknown}
Potions
 b - a potion of magic
 e - a potion of brilliance {unknown}
 f - a potion of haste
 g - a potion of cancellation {unknown}
 h - a potion of resistance {unknown}
 j - a potion of might {unknown}
 k - a potion of invisibility {unknown}
 m - a potion of heal wounds {unknown}


   Skills:
 + Level 2.2 Fighting
 + Level 2.2 Short Blades
 + Level 2.2 Long Blades
 + Level 2.2 Axes
 + Level 2.2 Maces & Flails
 + Level 2.2 Polearms
 + Level 2.2 Staves
 + Level 2.2 Ranged Weapons
 + Level 2.2 Throwing
 + Level 2.2 Armour
 + Level 5.1 Dodging
 + Level 4.7 Stealth
 + Level 2.2 Shields
 + Level 2.2 Unarmed Combat
 + Level 5.4 Spellcasting
 + Level 1.7 Conjurations
 + Level 1.7 Hexes
 + Level 1.7 Summonings
 + Level 1.7 Necromancy
 + Level 1.7 Translocations
 + Level 1.7 Fire Magic
 + Level 7.3 Ice Magic
 + Level 1.7 Air Magic
 + Level 1.7 Earth Magic
 + Level 1.7 Alchemy
 + Level 2.4 Invocations
 + Level 2.2 Evocations
 + Level 2.0 Shapeshifting


You had 8 spell levels left.
You knew the following spells:

 Your Spells              Type           Power      Damage    Failure   Level
a - Freeze                Ice            100%       1d10      1%          1
c - Frozen Ramparts       Ice            54%        1d9       2%          3
d - Ozocubu's Armour      Ice            27%        N/A       2%          3

Your spell library contained the following spells:

 Spells                   Type           Power      Damage    Failure   Level
 Ensorcelled Hibernation  Hex/Ice        38%        N/A       3%          2
 Summon Ice Beast         Ice/Summ       19%        N/A       7%          3
 Call Imp                 Summ           20%        N/A       11%         2
 Sublimation of Blood     Necr           10%        N/A       11%         2
 Passwall                 Erth           10%        N/A       22%         3
 Swiftness                Air            10%        N/A       22%         3
 Summon Hydra             Summ           5%         N/A       100%        7


Dungeon Overview and Level Annotations

Branches:
Dungeon (4/15)
 Temple: D:4-7

Altars:

Shops:
D:4 (


Innate Abilities, Weirdness & Mutations

You have very sharp teeth.
Your uncanny sense of smell can sniff out nearby items.
Your experience applies equally to all skills.


Message History

You kill the gnoll!
The phantom hits you.
The phantom blinks!
You blink.
The frozen ramparts melt away as you move.
A goblin and a jelly come into view.
You miss the phantom.
The phantom is heavily damaged.
The goblin shouts!
The jelly quivers.
The phantom hits you but does no damage.
You hit the phantom. You burn the phantom.
The phantom is severely damaged.
You hit the phantom but do no damage.
The phantom is severely damaged.
The phantom hits you.
You hit the phantom. You burn the phantom.
The phantom is severely damaged.
The phantom closely misses you.
You hit the phantom but do no damage.
The phantom is severely damaged.
The phantom hits you!
* * * LOW HITPOINT WARNING * * *
Casting: Frozen Ramparts (dangerous; 2% risk of failure)
Confirm with . or Enter, or press ? or * to list all spells.
Casting: Frozen Ramparts (dangerous; 2% risk of failure)
Press: ? - help, Dir - look around, f - activate The walls around you are covered in ice.
The wall freezes the goblin.
The wall freezes the jelly!
The phantom resists.
The wall freezes the phantom.
The phantom hits you.
* * * LOW HITPOINT WARNING * * *
The phantom blinks!
You blink.
The frozen ramparts melt away as you move.
Okay, then.
It was a potion of haste.
You feel yourself speed up.
f - a potion of haste;
l - a scroll labelled VEFAFE REYPLU The jelly hits you.
* * * LOW HITPOINT WARNING * * *
You are splashed with acid!
* * * LOW HITPOINT WARNING * * *
The phantom hits you.
You die...

.g###)B### ...
#...####.# ..#S
#.§......# ...#.
. #[..S##### #
...
##∆..####..####.#
#..∆ #B.....#
∆#... #.#§#..#
#....#.Jg#..#
#....@###..#
###..W.....#
....#####.##
####. .# # .#
####### ......#


You could see a phantom, a jelly, a giant cockroach, a goblin and a ball python.

Vanquished Creatures
  2 orc priests (D:3)
  A hound (D:4)
  Jessica (D:2)
  An iguana (D:4)
  8 gnolls
  7 adders
  4 dart slugs
  A ribbon worm (D:2)
  2 orcs (D:3)
  7 endoplasms
  2 giant cockroaches
  13 goblins
  6 hobgoblins
  7 jackals
  3 quokkas
  4 ball pythons
  5 bats
  2 frilled lizards (D:1)
  6 kobolds
  23 rats
105 creatures vanquished.

Notes
Turn   | Place    | Note
-------+----------+-------------------------------------------
     0 | D:1      | Aviak the Gnoll Ice Elementalist began the quest for the
                  | Orb.
     0 | D:1      | Reached XP level 1. HP: 13/13 MP: 6/6
   147 | D:1      | Reached XP level 2. HP: 19/19 MP: 3/7
   674 | D:1      | Reached skill level 5 in Spellcasting
   674 | D:1      | Reached XP level 3. HP: 25/25 MP: 6/9
   683 | D:1      | Learned a level 3 spell: Frozen Ramparts
   687 | D:1      | Learned a level 3 spell: Ozocubu's Armour
   800 | D:1      | Reached skill level 1 in Invocations
  1219 | D:2      | Reached skill level 1 in Fighting
  1219 | D:2      | Reached skill level 1 in Short Blades
  1219 | D:2      | Reached skill level 1 in Long Blades
  1219 | D:2      | Reached skill level 1 in Axes
  1219 | D:2      | Reached skill level 1 in Maces & Flails
  1219 | D:2      | Reached skill level 1 in Polearms
  1219 | D:2      | Reached skill level 1 in Staves
  1219 | D:2      | Reached skill level 1 in Ranged Weapons
  1219 | D:2      | Reached skill level 1 in Throwing
  1219 | D:2      | Reached skill level 1 in Armour
  1219 | D:2      | Reached skill level 1 in Shields
  1219 | D:2      | Reached skill level 1 in Unarmed Combat
  1219 | D:2      | Reached skill level 1 in Evocations
  1222 | D:2      | Reached skill level 1 in Shapeshifting
  1222 | D:2      | Reached XP level 4. HP: 32/32 MP: 4/11
  1397 | D:2      | Noticed Jessica
  1407 | D:2      | Killed Jessica
  1408 | D:2      | Reached skill level 1 in Conjurations
  1408 | D:2      | Reached skill level 1 in Hexes
  1408 | D:2      | Reached skill level 1 in Summonings
  1408 | D:2      | Reached skill level 1 in Necromancy
  1408 | D:2      | Reached skill level 1 in Translocations
  1408 | D:2      | Reached skill level 1 in Fire Magic
  1408 | D:2      | Reached skill level 1 in Air Magic
  1408 | D:2      | Reached skill level 1 in Earth Magic
  1408 | D:2      | Reached skill level 1 in Alchemy
  1424 | D:2      | Reached XP level 5. HP: 32/37 MP: 4/12
  2200 | D:3      | Reached XP level 6. HP: 38/44 MP: 8/13
  2808 | D:3      | Reached skill level 5 in Dodging
  3093 | D:4      | Found Syal's Antique Weapon Shoppe.
  3266 | D:4      | HP: 1/44 [acid (7)]
  3266 | D:4      | Slain by a phantom

Illustrated notes

Levels and vault maps discovered:
D:1:      dpeg_arrival_round_c, layout_basic, minmay_quantized
D:2:      layout_basic, minmay_rat_hole, uniq_jessica
D:3:      layout_loops_ring
D:4:      layout_basic, lightli_temple_of_fire, nicolae_inconvenience_store,
          minmay_bent

Skill      XL: |  1  2  3  4  5  6 |
---------------+-------------------+-----
Spellcasting   | 5 |  5.4
Invocations    | 1 2 |  2.4
Fighting       | 1 2 |  2.2
Short Blades   | 1 2 |  2.2
Long Blades    | 1 2 |  2.2
Axes           | 1 2 |  2.2
Maces & Flails | 1 2 |  2.2
Polearms       | 1 2 |  2.2
Staves         | 1 2 |  2.2
Ranged Weapons | 1 2 |  2.2
Throwing       | 1 2 |  2.2
Armour         | 1 2 |  2.2
Shields        | 1 2 |  2.2
Unarmed Combat | 1 2 |  2.2
Evocations     | 1 2 |  2.2
Shapeshifting  | 1 2 |  2.0
Conjurations   | 1 |  1.7
Hexes          | 1 |  1.7
Summonings     | 1 |  1.7
Necromancy     | 1 |  1.7
Translocations | 1 |  1.7
Fire Magic     | 1 |  1.7
Air Magic      | 1 |  1.7
Earth Magic    | 1 |  1.7
Alchemy        | 1 |  1.7
Dodging        | 5 |  5.1
Stealth        | |  4.7
Ice Magic      | |  7.3

Action                     |  1- 3 |  4- 6 || total
---------------------------+-------+-------++-------
  Melee: Unarmed           |     8 |       ||     8
         Dagger            |    15 |   122 ||   137
         Bite              |     1 |    11 ||    12
   Cast: Freeze            |    42 |     1 ||    43
         Frozen Ramparts   |     1 |    17 ||    18
         Ozocubu's Armour  |       |     2 ||     2
    Use: Potion            |       |     1 ||     1
   Stab: Sleeping          |       |     8 ||     8
 Armour: Robe              |    26 |    62 ||    88
  Dodge: Dodged            |    37 |    65 ||   102
